| TOP OF THE 1ST |
|
Fresno Grizzlies batting - Pitching for Tacoma Rainiers : RHP Vinny Reveles
|
|
Pitching: RHP Vinny Reveles
|
|
|
Batting: RHB Mark Cahill
|
0-0: Called Strike 0-1: Ball 1-1: Bunt missed! 1-2: Ground out 5-3 (Groundball, 5, EV 81.9 MPH)
|
|
Batting: RHB Ramon Castellon
|
0-0: Ball 1-0: Called Strike 1-1: Foul Ball, location: 2F 1-2: Foul Ball, location: 2F 1-2: Foul Ball, location: 2F 1-2: Ball 2-2: Ball 3-2: SINGLE (Groundball, 4MD, EV 102.5 MPH)
|
|
Batting: SHB Paskar Adegoke
|
0-0: Ball 1-0: Grounds into double play, 4-6-3 (Groundball, 4, EV 90.0 MPH)
|
| Top of the 1st over - 0 runs, 1 hit, 0 errors, 0 left on base; Fresno 0 - Tacoma 0 |
| BOTTOM OF THE 1ST |
|
Tacoma Rainiers batting - Pitching for Fresno Grizzlies : RHP Pete Rance
|
|
Pitching: RHP Pete Rance
|
|
|
Batting: RHB Brad Robidas
|
0-0: Ball 1-0: Ball 2-0: Bunt for hit to 3S - play at first, batter OUT! 3-4
|
|
Batting: RHB Enrique Valdez
|
0-0: Ball 1-0: Ball 2-0: Called Strike 2-1: SINGLE (Groundball, 56D, EV 103.8 MPH)
|
|
Batting: LHB Ryan Lowe
|
0-0: Called Strike 0-1: Foul Ball, location: 2F 0-2: Strikes out swinging
|
|
Batting: RHB Josh Ruhl
|
0-0: Called Strike 0-1: Ball 1-1: Fielders Choice at 2nd, 6-4 (Groundball, 6, EV 92.5 MPH)
|
| Bottom of the 1st over - 0 runs, 1 hit, 0 errors, 1 left on base; Fresno 0 - Tacoma 0 |
| TOP OF THE 2ND |
|
Fresno Grizzlies batting - Pitching for Tacoma Rainiers : RHP Vinny Reveles
|
|
Batting: RHB Bruce Bermudez
|
0-0: Called Strike 0-1: Ball 1-1: Foul Ball, location: 2F 1-2: Ball 2-2: Ball 3-2: Base on Balls
|
|
Batting: RHB Marty King
|
0-0: Called Strike Bruce Bermudez is caught stealing 2nd base 2-4 0-1: Foul Ball, location: 2F 0-2: Ball 1-2: Ground out 5-3 (Groundball, 5S, EV 90.0 MPH)
|
|
Batting: SHB Dan Castaneda
|
0-0: Ground out U3 (Groundball, 34S, EV 81.2 MPH)
|
| Top of the 2nd over - 0 runs, 0 hits, 0 errors, 0 left on base; Fresno 0 - Tacoma 0 |
| BOTTOM OF THE 2ND |
|
Tacoma Rainiers batting - Pitching for Fresno Grizzlies : RHP Pete Rance
|
|
Batting: RHB Zach Downs
|
0-0: Ball 1-0: Swinging Strike 1-1: Ground out 6-3 (Groundball, 6, EV 86.2 MPH)
|
|
Batting: RHB Rick Ellis
|
0-0: Called Strike 0-1: Swinging Strike 0-2: Ball 1-2: Fly out, F4 (Line Drive, 4, EV 69.4 MPH)
|
|
Batting: SHB Ray Skogen
|
0-0: Swinging Strike 0-1: Ball 1-1: Foul Ball, location: 2F 1-2: Ball 2-2: Strikes out looking
|
| Bottom of the 2nd over - 0 runs, 0 hits, 0 errors, 0 left on base; Fresno 0 - Tacoma 0 |
| TOP OF THE 3RD |
|
Fresno Grizzlies batting - Pitching for Tacoma Rainiers : RHP Vinny Reveles
|
|
Batting: RHB Xavier Castaneda
|
0-0: Ball 1-0: Ball 2-0: Called Strike 2-1: Foul Ball, location: 2F 2-2: Ball 3-2: Base on Balls
|
|
Batting: LHB Kelvin Jones
|
0-0: Called Strike 0-1: Ball 1-1: Called Strike Xavier Castaneda steals 2nd base (no throw) 1-2: Strikes out swinging
|
|
Batting: SHB Danny Jensen
|
0-0: Called Strike 0-1: Ball 1-1: Swinging Strike 1-2: Strikes out swinging
|
|
Batting: RHB Mark Cahill
|
0-0: Ball 1-0: Called Strike 1-1: Foul Ball, location: 2F 1-2: SINGLE (Line Drive, 89S, EV 106.9 MPH) Xavier Castaneda to third Runner from 3rd tries for Home, SAFE, throw by RF to home
|
|
Batting: RHB Ramon Castellon
|
0-0: Ball Mark Cahill is caught stealing 2nd base 2-4
|
| Top of the 3rd over - 1 run, 1 hit, 0 errors, 0 left on base; Fresno 1 - Tacoma 0 |
| BOTTOM OF THE 3RD |
|
Tacoma Rainiers batting - Pitching for Fresno Grizzlies : RHP Pete Rance
|
|
Batting: RHB Chris Olheiser
|
0-0: Ball 1-0: Ball 2-0: Ball 3-0: Base on Balls
|
|
Batting: RHB Max Schellekens
|
0-0: Ball 1-0: 2-RUN HOME RUN (Flyball, 9D, EV 98.8 MPH), Distance : 360 ft
|
|
Batting: RHB Brad Robidas
|
0-0: Ball 1-0: Ground out 4-3 (Groundball, 4, EV 80.6 MPH)
|
|
Batting: RHB Enrique Valdez
|
0-0: Ball 1-0: Fly out, F7 (Flyball, 78S, EV 95.0 MPH)
|
|
Batting: LHB Ryan Lowe
|
0-0: Called Strike 0-1: Foul Ball, location: 2F 0-2: Ball 1-2: Ball 2-2: Ball 3-2: Ground out 1-3 (Groundball, 13S, EV 63.8 MPH)
|
| Bottom of the 3rd over - 2 runs, 1 hit, 0 errors, 0 left on base; Fresno 1 - Tacoma 2 |
| TOP OF THE 4TH |
|
Fresno Grizzlies batting - Pitching for Tacoma Rainiers : RHP Vinny Reveles
|
|
Batting: RHB Ramon Castellon
|
0-0: Ground out 6-3 (Groundball, 6, EV 103.8 MPH)
|
|
Batting: SHB Paskar Adegoke
|
0-0: Swinging Strike 0-1: Ball 1-1: Foul Ball, location: 2F 1-2: Hit by Pitch
|
|
Batting: RHB Bruce Bermudez
|
0-0: Foul Ball, location: 2F 0-1: Ball 1-1: DOUBLE (Groundball, 5L, EV 108.1 MPH) Paskar Adegoke to third Runner from 3rd tries for Home, SAFE, throw by LF to home
|
|
Batting: RHB Marty King
|
0-0: Fly out, F8 (Line Drive, 8LM, EV 91.9 MPH)
|
|
Batting: SHB Dan Castaneda
|
0-0: Ball 1-0: Foul Ball, location: 2F 1-1: Called Strike 1-2: Ball 2-2: Strikes out swinging
|
| Top of the 4th over - 1 run, 1 hit, 0 errors, 1 left on base; Fresno 2 - Tacoma 2 |
| BOTTOM OF THE 4TH |
|
Tacoma Rainiers batting - Pitching for Fresno Grizzlies : RHP Pete Rance
|
|
Batting: RHB Josh Ruhl
|
0-0: Ball 1-0: Ball 2-0: Ball 3-0: Called Strike 3-1: SINGLE (Groundball, 6S, EV 71.2 MPH) (infield hit)
|
|
Batting: RHB Zach Downs
|
0-0: Ground out 5-3 (Groundball, 5L, EV 109.4 MPH) Josh Ruhl to second
|
|
Batting: RHB Rick Ellis
|
0-0: Called Strike 0-1: Foul Ball, location: 2F 0-2: Ground out 6-3 (Groundball, 6, EV 88.1 MPH)
|
|
Batting: SHB Ray Skogen
|
0-0: Called Strike 0-1: Called Strike 0-2: Ball 1-2: Foul Ball, location: 2F 1-2: Foul Ball, location: 2F 1-2: Ball 2-2: Fly out, F6 (Popup, 4MD, EV 50.0 MPH)
|
| Bottom of the 4th over - 0 runs, 1 hit, 0 errors, 1 left on base; Fresno 2 - Tacoma 2 |
| TOP OF THE 5TH |
|
Fresno Grizzlies batting - Pitching for Tacoma Rainiers : RHP Vinny Reveles
|
|
Batting: RHB Xavier Castaneda
|
0-0: Foul Ball, location: 2F 0-1: Foul Ball, location: 2F 0-2: Ball 1-2: Ball 2-2: Ball 3-2: Ground out 5-3 (Groundball, 56, EV 91.9 MPH)
|
|
Batting: LHB Kelvin Jones
|
0-0: Foul Ball, location: 2F 0-1: Ground out 5-3 (Groundball, 56, EV 83.1 MPH)
|
|
Batting: SHB Danny Jensen
|
0-0: Ball 1-0: Foul Ball, location: 2F 1-1: Ball 2-1: Swinging Strike 2-2: Ball 3-2: Foul Ball, location: 2F 3-2: Foul Ball, location: 2F 3-2: Fly out, F7 (Flyball, 78S, EV 93.1 MPH)
|
| Top of the 5th over - 0 runs, 0 hits, 0 errors, 0 left on base; Fresno 2 - Tacoma 2 |
| BOTTOM OF THE 5TH |
|
Tacoma Rainiers batting - Pitching for Fresno Grizzlies : RHP Pete Rance
|
|
Batting: RHB Chris Olheiser
|
0-0: Ground out 6-3 (Groundball, 6, EV 83.1 MPH)
|
|
Batting: RHB Max Schellekens
|
0-0: Ball 1-0: Swinging Strike 1-1: Foul Ball, location: 2F 1-2: Ball 2-2: Strikes out swinging
|
|
Batting: RHB Brad Robidas
|
0-0: Ball 1-0: Ball 2-0: Ball 3-0: Base on Balls
|
|
Batting: RHB Enrique Valdez
|
0-0: Fly out, F7 (Flyball, 7LSF, EV 98.8 MPH)
|
| Bottom of the 5th over - 0 runs, 0 hits, 0 errors, 1 left on base; Fresno 2 - Tacoma 2 |
| TOP OF THE 6TH |
|
Fresno Grizzlies batting - Pitching for Tacoma Rainiers : RHP Vinny Reveles
|
|
Batting: RHB Mark Cahill
|
0-0: Called Strike 0-1: SINGLE (Groundball, 56D, EV 101.9 MPH)
|
|
Batting: RHB Ramon Castellon
|
0-0: Fly out, F8 (Flyball, 89M, EV 76.2 MPH)
|
|
Batting: SHB Paskar Adegoke
|
0-0: Foul Ball, location: 2F 0-1: SINGLE (Groundball, 4D, EV 97.5 MPH) Mark Cahill to second Runner from 2nd tries for 3rd, SAFE, throw by CF made to third
|
|
Batting: RHB Bruce Bermudez
|
0-0: Ball 1-0: Foul Ball, location: 2F 1-1: Ground out 4-3 (Groundball, 34, EV 103.1 MPH) Mark Cahill scores Paskar Adegoke to second
|
|
Batting: RHB Marty King
|
0-0: Called Strike 0-1: Ball 1-1: Ball 2-1: Foul Ball, location: 2F 2-2: Ball 3-2: Strikes out swinging
|
| Top of the 6th over - 1 run, 2 hits, 0 errors, 1 left on base; Fresno 3 - Tacoma 2 |
| BOTTOM OF THE 6TH |
|
Tacoma Rainiers batting - Pitching for Fresno Grizzlies : RHP Pete Rance
|
|
Batting: LHB Ryan Lowe
|
0-0: Ball 1-0: Ball 2-0: Ball 3-0: Called Strike 3-1: Base on Balls
|
|
Batting: RHB Josh Ruhl
|
0-0: Called Strike 0-1: Foul Ball, location: 2F 0-2: Ball 1-2: Strikes out swinging
|
|
Batting: RHB Zach Downs
|
0-0: Foul Ball, location: 2F 0-1: Called Strike 0-2: Strikes out swinging
|
|
Batting: RHB Rick Ellis
|
0-0: Ball 1-0: Foul Ball, location: 2F 1-1: Ball Wild Pitch! Ryan Lowe to second 2-1: Foul Ball, location: 2F 2-2: Fly out, F9 (Flyball, 9D, EV 108.8 MPH)
|
| Bottom of the 6th over - 0 runs, 0 hits, 0 errors, 1 left on base; Fresno 3 - Tacoma 2 |
| TOP OF THE 7TH |
|
Fresno Grizzlies batting - Pitching for Tacoma Rainiers : RHP Vinny Reveles
|
|
Pitching: RHP Sid Lampone
|
|
|
Batting: SHB Dan Castaneda
|
0-0: Called Strike 0-1: Ball 1-1: Called Strike 1-2: Foul Ball, location: 2F 1-2: Foul Ball, location: 2F 1-2: Ball 2-2: Foul Ball, location: 2F 2-2: Ball 3-2: Fly out, F8 (Flyball, 8RXD, EV 94.4 MPH)
|
|
Batting: RHB Xavier Castaneda
|
0-0: Fly out, F3 (Popup, 23F, EV 92.5 MPH)
|
|
Batting: LHB Kelvin Jones
|
0-0: Called Strike 0-1: Foul Ball, location: 2F 0-2: Ball 1-2: TRIPLE (Line Drive, 89XD, EV 105.0 MPH)
|
|
Batting: SHB Danny Jensen
|
0-0: Called Strike 0-1: Fly out, F8 (Flyball, 8LD, EV 96.9 MPH)
|
| Top of the 7th over - 0 runs, 1 hit, 0 errors, 1 left on base; Fresno 3 - Tacoma 2 |
| BOTTOM OF THE 7TH |
|
Tacoma Rainiers batting - Pitching for Fresno Grizzlies : RHP Pete Rance
|
|
Pitching: RHP David Toellner
|
|
|
Batting: SHB Ray Skogen
|
0-0: Foul Ball, location: 2F 0-1: Ball 1-1: Ball 2-1: Ball 3-1: Called Strike 3-2: Base on Balls
|
|
Batting: RHB Chris Olheiser
|
0-0: Bunt missed! 0-1: Sac Bunt to 5S - play at first, batter OUT! 5-3 Ray Skogen to second
|
|
Pinch Hitting: LHB Josh Pittman
|
0-0: Ball 1-0: Called Strike 1-1: Ball 2-1: Foul Ball, location: 2F 2-2: Ball 3-2: Base on Balls
|
|
Batting: RHB Brad Robidas
|
0-0: Swinging Strike 0-1: Ball 1-1: Ball 2-1: Ball Wild Pitch! Ray Skogen to third Josh Pittman to second 3-1: Called Strike 3-2: Base on Balls
|
|
Batting: RHB Enrique Valdez
|
0-0: Grounds into fielders choice 6-2 (Groundball, 15, EV 81.9 MPH) Josh Pittman to third Brad Robidas to second
|
|
Batting: LHB Ryan Lowe
|
0-0: Swinging Strike 0-1: Ground out U3 (Groundball, 34, EV 95.6 MPH)
|
| Bottom of the 7th over - 0 runs, 0 hits, 0 errors, 3 left on base; Fresno 3 - Tacoma 2 |
| TOP OF THE 8TH |
|
Fresno Grizzlies batting - Pitching for Tacoma Rainiers : RHP Sid Lampone
|
|
Now at SS: Steve Martin
|
|
|
Batting: RHB Mark Cahill
|
0-0: Swinging Strike 0-1: Ball 1-1: Ball 2-1: Ground out 6-3 (Groundball, 6, EV 108.1 MPH)
|
|
Batting: RHB Ramon Castellon
|
0-0: Ball 1-0: Foul Ball, location: 2F 1-1: Foul Ball, location: 2F 1-2: DOUBLE (Groundball, 5L, EV 94.4 MPH)
|
|
Batting: SHB Paskar Adegoke
|
0-0: Ball 1-0: Ball 2-0: Swinging Strike 2-1: Swinging Strike 2-2: Ball 3-2: 2-RUN HOME RUN (Flyball, 89XD, EV 102.5 MPH), Distance : 413 ft
|
|
Batting: RHB Bruce Bermudez
|
0-0: Ball 1-0: Foul Ball, location: 2F 1-1: Ball 2-1: Ball 3-1: Foul Ball, location: 2F 3-2: Foul Ball, location: 2F 3-2: Base on Balls
|
|
Batting: RHB Marty King
|
0-0: Foul Ball, location: 2F 0-1: Foul Ball, location: 2F 0-2: Ball 1-2: Strikes out swinging
|
|
Pitching: RHP Jace Daniels
|
|
|
Batting: SHB Dan Castaneda
|
0-0: Called Strike 0-1: Ball 1-1: Ball 2-1: Fielders Choice at 2nd, U6 (Groundball, 6M, EV 89.4 MPH)
|
| Top of the 8th over - 2 runs, 2 hits, 0 errors, 1 left on base; Fresno 5 - Tacoma 2 |
| BOTTOM OF THE 8TH |
|
Tacoma Rainiers batting - Pitching for Fresno Grizzlies : RHP David Toellner
|
|
Pitching: LHP Miguel Yepez
|
|
|
Batting: RHB Josh Ruhl
|
0-0: Called Strike 0-1: Foul Ball, location: 2F 0-2: SINGLE (Groundball, 34, EV 99.4 MPH)
|
|
Batting: RHB Zach Downs
|
0-0: Ball 1-0: Ball 2-0: Foul Ball, location: 2F 2-1: Foul Ball, location: 2F 2-2: Strikes out swinging
|
|
Batting: RHB Rick Ellis
|
0-0: Called Strike 0-1: Ball 1-1: Foul Ball, location: 2F 1-2: Hit by Pitch Josh Ruhl to second
|
|
Batting: SHB Ray Skogen
|
0-0: Foul Ball, location: 2F 0-1: Ball 1-1: Foul Ball, location: 2F 1-2: Ball 2-2: Foul Ball, location: 2F 2-2: Ball 3-2: SINGLE (Line Drive, 89M, EV 108.1 MPH) Josh Ruhl to third Rick Ellis to second
|
|
Pitching: RHP Bobby Leija
|
|
|
Batting: RHB Chris Olheiser
|
0-0: Ball 1-0: Foul Ball, location: 2F 1-1: Ball 2-1: Called Strike 2-2: Strikes out swinging
|
|
Batting: RHB Steve Martin
|
0-0: Swinging Strike 0-1: Swinging Strike 0-2: Ball 1-2: Strikes out looking
|
| Bottom of the 8th over - 0 runs, 2 hits, 0 errors, 3 left on base; Fresno 5 - Tacoma 2 |
| TOP OF THE 9TH |
|
Fresno Grizzlies batting - Pitching for Tacoma Rainiers : RHP Jace Daniels
|
|
Batting: RHB Xavier Castaneda
|
0-0: Called Strike 0-1: Foul Ball, location: 2F 0-2: Ball 1-2: Ball 2-2: Foul Ball, location: 2F 2-2: Foul Ball, location: 2F 2-2: Ball 3-2: Foul Ball, location: 2F 3-2: Ground out 2-3 (Groundball, 15S, EV 64.4 MPH)
|
|
Batting: LHB Kelvin Jones
|
0-0: Ball 1-0: Foul Ball, location: 2F 1-1: Ball 2-1: Called Strike 2-2: Foul Ball, location: 2F 2-2: Strikes out swinging
|
|
Batting: SHB Danny Jensen
|
0-0: Foul Ball, location: 2F 0-1: Ball 1-1: Ball 2-1: Foul Ball, location: 2F 2-2: Ball 3-2: Fly out, F8 (Flyball, 8LM, EV 93.8 MPH)
|
| Top of the 9th over - 0 runs, 0 hits, 0 errors, 0 left on base; Fresno 5 - Tacoma 2 |
| BOTTOM OF THE 9TH |
|
Tacoma Rainiers batting - Pitching for Fresno Grizzlies : RHP Bobby Leija
|
|
Pitching: RHP Josh Holloway
|
|
|
Batting: RHB Brad Robidas
|
0-0: Ball 1-0: Foul Ball, location: 2F 1-1: Ground out 5-3 (Groundball, 56S, EV 67.5 MPH)
|
|
Batting: RHB Enrique Valdez
|
0-0: SINGLE (Line Drive, 7S, EV 105.6 MPH)
|
|
Batting: LHB Ryan Lowe
|
0-0: Ball 1-0: SINGLE (Groundball, 4D, EV 97.5 MPH) Enrique Valdez to second
|
|
Batting: RHB Josh Ruhl
|
0-0: Foul Ball, location: 2F 0-1: Swinging Strike 0-2: Strikes out swinging
|
|
Batting: RHB Zach Downs
|
0-0: Called Strike 0-1: Ball 1-1: Ball 2-1: Ball 3-1: Foul Ball, location: 2F 3-2: SINGLE (Line Drive, 8RS, EV 109.4 MPH) Enrique Valdez to third Ryan Lowe to second Enrique Valdez scores Ryan Lowe to third
|
|
Batting: RHB Rick Ellis
|
0-0: Ball 1-0: Ball 2-0: Swinging Strike 2-1: Foul Ball, location: 2F 2-2: Ground out 1-3 (Groundball, 13S, EV 62.5 MPH)
|
| Bottom of the 9th over - 1 run, 3 hits, 0 errors, 2 left on base; Fresno 5 - Tacoma 3 |
|